Map: Lightshade LE

Players

Krystianer

  • Race: Protoss Protoss

Reynor - Winner!

  • Race: Zerg Zerg

Event: DreamHack SC2 Masters 2021 Fall

VOD

Have the link to the VOD?

Description

Time

  • Played on: Aug. 6, 2021, 12:21 p.m.
  • Length: 9:52

All games in this series

Show
View Real Time Build Order
Export as new Build Order

Krystianer Protoss 

Build Orders: 1 Gate Expand, Mass Adepts 

Get SALT Encoding   

  12  0:00  Probe  
  13  0:12  Probe  
  14  0:19  Pylon  
  14  0:24  Probe  
  15  0:38  Probe (Chrono Boost)  
  15  0:40  Gateway  
  16  0:46  Probe (Chrono Boost)  
  16  0:49  Assimilator  
  17  0:52  Probe  
  18  1:04  Probe  
  19  1:16  Probe  
  20  1:26  Nexus  
  20  1:37  Cybernetics Core  
  20  1:39  Probe  
  21  1:43  Assimilator  
  21  1:51  Probe  
  21  1:54  Pylon  
  22  2:03  Probe  
  23  2:10  Adept (Chrono Boost)  
  23  2:15  Probe  
  26  2:18  Twilight Council  
  26  2:20  Warp Gate  
  26  2:28  Probe (Chrono Boost)  
  27  2:30  Adept (Chrono Boost)  
  29  2:38  Probe (Chrono Boost)  
  31  2:45  Probe (Chrono Boost)  
  31  2:47  Probe (Chrono Boost)  
  32  2:52  Probe x2 (Chrono Boost)  
  34  3:01  Robotics Facility, Stalker  
  34  3:03  Probe  
  34  3:04  Probe  
  38  3:13  Gateway  
  38  3:15  Probe  
  38  3:16  Probe  
  40  3:26  Gateway  
  40  3:28  Resonating Glaives (Chrono Boost)  
  40  3:30  Gateway  
  40  3:32  Gateway  
  40  3:37  Gateway  
  40  3:43  Probe  
  40  3:44  Probe  
  42  3:49  Warp Prism (Chrono Boost)  
  44  3:56  Pylon  
  44  3:58  Probe  
  44  3:59  Probe  
  46  4:06  Shield Battery  
  46  4:12  Pylon  
  46  4:14  Adept x2  
  50  4:23  Adept  
  50  4:24  Adept  
  54  4:25  Pylon  
  54  4:45  Adept x6  
  66  4:47  Pylon  
  66  5:03  Pylon  
  66  5:05  Adept x4  
  66  5:06  Adept  
  76  5:08  Adept  
  72  5:30  Adept x3  
  72  5:31  Adept x3  
  66  5:54  Adept x2  
  66  5:55  Adept x4  
  76  6:01  Probe x2  
  74  6:09  Assimilator  
  68  6:16  Nexus  
  68  6:22  Adept x5  
  74  6:28  Adept, Probe  
  74  6:29  Probe  
  78  6:37  Pylon  
  78  6:40  Immortal (Chrono Boost)  
  78  6:44  Probe  
  83  6:50  Probe  
  84  6:56  Probe  
  85  7:03  Pylon  
  85  7:09  Immortal (Chrono Boost)  
  89  7:29  Gateway  
  85  7:30  Gateway  
  85  7:33  Probe  
  85  7:36  Adept, Sentry x2  
  85  7:37  Adept x3, Immortal (Chrono Boost)  
  92  7:41  Probe x2  
  104  7:50  Probe  
  105  7:52  Pylon  
  105  8:00  Adept x5  
  115  8:05  Adept  
  115  8:07  Pylon  
  117  8:28  Adept x7  
  117  8:29  Adept  
  113  8:53  Probe  
  78  8:59  Probe  
  71  9:04  Immortal (Chrono Boost)  
  71  9:05  Adept x8  
  88  9:14  Shield Battery  
  87  9:26  Adept x7  
  87  9:28  Adept  
  69  9:46  Zealot x5  
  69  9:47  Zealot x2  
Show
View Real Time Build Order
Export as new Build Order

Reynor Zerg - Winner!

Build Orders: Hatch First 

Get SALT Encoding   

  12  0:00  Drone  
  13  0:12  Overlord  
  13  0:16  Drone  
  14  0:30  Drone x2  
  16  0:43  Drone  
  17  0:51  Hatchery  
  17  0:55  Drone  
  17  0:59  Drone  
  18  1:10  Extractor  
  17  1:14  Spawning Pool  
  17  1:16  Drone  
  17  1:19  Drone  
  18  1:27  Drone  
  19  1:38  Drone  
  20  1:49  Overlord  
  20  2:00  Queen  
  22  2:03  Queen  
  22  2:04  Zergling x4  
  26  2:10  Drone  
  26  2:11  Metabolic Boost  
  26  2:14  Drone  
  28  2:22  Drone  
  29  2:25  Drone  
  30  2:34  Overlord  
  30  2:35  Drone  
  31  2:39  Queen  
  33  2:45  Zergling x2  
  33  2:46  Drone  
  35  2:55  Drone  
  35  2:57  Drone  
  36  3:05  Drone  
  37  3:08  Zergling x4  
  37  3:12  Overlord  
  39  3:13  Hatchery  
  39  3:17  Queen  
  39  3:19  Drone  
  41  3:21  Drone  
  41  3:23  Drone  
  43  3:27  Evolution Chamber  
  43  3:30  Drone x2  
  45  3:38  Drone  
  45  3:40  Roach Warren  
  45  3:42  Overlord  
  45  3:46  Queen  
  48  3:48  Drone  
  48  3:49  Drone  
  48  3:50  Drone  
  48  3:52  Drone  
  51  3:59  Overlord  
  51  4:02  Drone  
  52  4:05  Drone  
  52  4:09  Queen  
  55  4:11  Zergling x6  
  55  4:13  Zergling x2  
  55  4:15  Spore Crawler, Drone  
  59  4:18  Spore Crawler  
  59  4:22  Roach  
  60  4:26  Roach x2  
  60  4:29  Spore Crawler  
  63  4:33  Drone  
  63  4:34  Lair  
  68  4:38  Roach x2  
  68  4:41  Roach  
  68  4:44  Overlord  
  68  4:46  Roach  
  68  4:50  Roach  
  72  4:53  Overlord  
  72  4:58  Overlord  
  72  5:04  Roach x2  
  72  5:05  Zergling x8  
  80  5:08  Overlord  
  80  5:13  Zergling x2, Roach  
  80  5:14  Zergling x2  
  83  5:22  Evolution Chamber  
  77  5:29  Roach x2  
  78  5:36  Zergling x14  
  78  5:38  Drone  
  80  5:44  Zergling x2, Roach  
  80  5:47  Drone x2  
  81  5:51  Drone  
  81  5:55  Extractor  
  78  5:59  Drone x2  
  78  6:01  Drone  
  78  6:08  Zergling x2, Roach  
  78  6:09  Zergling x4  
  82  6:16  Roach  
  82  6:17  Drone  
  81  6:29  Overlord  
  81  6:30  Drone x3  
  84  6:35  Roach x2  
  88  6:40  Drone  
  88  6:41  Drone x5  
  88  6:42  Drone  
  88  6:45  Zergling x2  
  96  6:49  Extractor  
  95  6:55  Drone x3  
  95  6:57  Evolution Chamber  
  95  6:59  Overlord  
  97  7:02  Overseer, Drone x3  
  98  7:09  Drone x2  
  98  7:13  Queen  
  102  7:17  Drone  
  102  7:18  Drone x2  
  103  7:25  Drone x2  
  103  7:27  Drone x2  
  106  7:32  Extractor x2, Overlord  
  106  7:34  Extractor  
  106  7:35  Roach x3  
  109  7:41  Roach x4  
  118  7:45  Overlord  
  118  7:48  Drone  
  118  7:49  Glial Reconstitution  
  119  7:53  Zergling x6, Roach  
  119  7:56  Overlord  
  124  8:00  Roach x2  
  124  8:01  Zergling x4  
  124  8:04  Overlord  
  130  8:06  Ravager  
  130  8:09  Roach x2  
  130  8:11  Zergling x4  
  130  8:12  Overlord  
  137  8:15  Ravager  
  138  8:21  Ravager  
  138  8:22  Overlord  
  138  8:23  Roach  
  138  8:24  Zergling x6, Roach  
  146  8:28  Ravager x2  
  146  8:30  Roach x2  
  146  8:32  Zergling x4  
  154  8:34  Overlord  
  148  8:46  Zergling x4, Roach x4  
  143  8:49  Roach  
  143  8:50  Zergling x2, Queen, Roach  
  143  8:52  Roach  
  143  8:53  Zergling x4  
  132  8:56  Zergling x4  
  132  9:00  Zergling x2  
  124  9:06  Drone x4  
  124  9:07  Extractor  
  127  9:12  Drone, Spire  
  127  9:16  Ravager  
  127  9:17  Roach x2  
  127  9:22  Drone x3  
  133  9:32  Roach x6  

Tags
 
Add a new tag
Caveats
  • Supply blocks, unpowered buildings, or Contaminate may cause inaccurate times.
  • Supply counts are checked every 10 seconds.